 Dungeon Crawl Stone Soup version 0.23.2-33-g5129a83184 (webtiles) character file.

Game seed: 12131551316477114566

9678 psyvane the Basher (level 11, -21/101 HPs)
             Began as a Minotaur Berserker on June 27, 2019.
             Was an Elder of Trog.
             Demolished by a white ugly thing (35 damage)
             ... on level 9 of the Dungeon on June 28, 2019.
             The game lasted 01:02:26 (8679 turns).

psyvane the Basher (Minotaur Berserker)             Turns: 8679, Time: 01:02:26

Health: -21/101    AC: 16    Str: 22    XL:     11   Next: 26%
Magic:  10/10      EV: 11    Int:  4    God:    Trog [****..]
Gold:   491        SH:  6    Dex: 13    Spells: 10/10 levels left

rFire    . . .     SeeInvis .   i - +1 flail
rCold    . . .     Gourm    .   k - +0 buckler
rNeg     . . .     Faith    .   M - +0 chain mail {rPois}
rPois    +         Spirit   .   (helmet restricted)
rElec    .         Reflect  .   P - +1 cloak {MR+}
rCorr    .         Harm     .   (no gloves)
MR       +....                  g - +1 pair of boots
Stlth    ..........             (no amulet)
HPRegen  0.26/turn              (no ring)
MPRegen  0.12/turn              (no ring)

@: berserk cooldown, slowed, very slow
A: retaliatory headbutt, horns 2
a: Berserk, Trog's Hand, Brothers in Arms, Renounce Religion


You were on level 9 of the Dungeon.
You worshipped Trog.
Trog was greatly pleased with you.
You were not hungry.

You visited 1 branch of the dungeon, and saw 10 of its levels.
You also visited: Ossuary.

You collected 491 gold pieces.

Inventory:

Hand Weapons
 a - a +0 mace
 i - a +1 flail (weapon)
 n - a cursed -2 quarterstaff
 o - a +0 mace
 p - a +3 dagger of holy wrath
 q - a +5 short sword of freezing
 r - a +0 trident
 s - a cursed -3 rapier
 H - a +2 quarterstaff of chaos
 N - a +0 mace
 Q - a +0 halberd of flaming
 R - a cursed +5 dagger
Missiles
 h - 3 throwing nets (quivered)
 K - 3 tomahawks of dispersal
Armour
 b - +0 ice dragon scales
 e - a scarf of spirit shield
 g - a +1 pair of boots (worn)
 j - a +1 ring mail
 k - a +0 buckler (worn)
 D - a cursed +0 leather armour
 J - a cursed -2 cloak
 M - a +0 chain mail of poison resistance (worn)
 P - a +1 cloak of magic resistance (worn)
 T - a +0 chain mail
Magical Staves
 y - an uncursed staff of fire {unknown}
Jewellery
 u - a cursed -3 ring of strength
Wands
 w - a wand of flame (50)
Scrolls
 l - 3 scrolls of teleportation
 A - a scroll of fog
 C - 4 scrolls of random uselessness
 F - 2 scrolls of remove curse
 G - 2 scrolls of magic mapping
 I - 2 scrolls of fear
 O - a scroll of identify
Potions
 d - 15 potions of degeneration
 f - 3 potions of lignification
 m - 5 potions of agility
 t - 2 potions of flight
 v - a potion of magic {unknown}
 x - a potion of ambrosia
 z - a potion of haste {unknown}
 B - 7 potions of curing
 E - a potion of mutation {unknown}
 L - a potion of brilliance {unknown}
Comestibles
 c - 20 rations


   Skills:
 * Level 10.6 Fighting
 - Level 12.2 Maces & Flails
 * Level 10.7 Armour
 * Level 6.1 Dodging
 - Level 0.1 Stealth
 * Level 7.5 Shields


You had 10 spell levels left.
You didn't know any spells.
Your spell library was empty.

Dungeon Overview and Level Annotations

Branches:
Dungeon (10/15)            Temple (0/1) D:7
   Lair: D:8-11         Orc: D:9-12

Altars:
Elyvilon
Makhleb
Sif Muna
Wu Jian
Xom

Shops:
D:5 :


Innate Abilities, Weirdness & Mutations

You reflexively headbutt those who attack you in melee.
You have a pair of horns on your head.


Message History

The orc priest mumbles some strange prayers to Beogh against you.
Beogh smites you!
* * * LOW HITPOINT WARNING * * *
You block the porcupine's attack.
The ice beast hits you but does no damage.
The porcupine misses you.
The ice beast hits you but does no damage.
The ice beast hits you but does no damage.
Your skin stops crawling.
You feel less resistant to hostile enchantments.
The ice beast completely misses you. You furiously retaliate!
You headbutt the ice beast, but do no damage.
You block the white ugly thing's attack.
The ice beast hits you but does no damage.
The orc hits you but does no damage.
The orc priest looks encouraged for a moment.
The white ugly thing gores you.
* * * LOW HITPOINT WARNING * * *
The white ugly thing freezes you!!
You die...

##...#.....#.....#
#..#.#..o..#.....#
#..#.#.....#.....#
..##.#.....#.)...#
..#..#.....#.....#
.##..#.....#....o# .#
##.....#....r####### ##
#...o.###.Yuo...... . #
#.......#..@.....# . #
#.......#...(..### #
#.......#......# #
#..[....#......# #
#.......#......# #
#.......#......# #
######.......#####'### ########
).†..................## ##......{
##..######............###...#####


You could see a white ugly thing, an ice beast, a porcupine, an orc priest and
an orc.

Vanquished Creatures
  Harold (D:7)
  3 two-headed ogres
  A death yak (D:10)
  An unseen horror (D:9)
  Eustachio (D:4)
  2 yaks (D:9)
  Grum (D:8)
  3 hungry ghosts
  4 wargs (D:9)
  A water moccasin (D:7)
  Duvessa (D:4)
  A hornet zombie (D:8)
  2 sky beasts
  2 ice beasts
  5 phantoms
  4 ogres
  2 wolves (D:8)
  A centaur (D:7)
  3 bullfrogs
  A big kobold (D:8)
  Dowan (D:4)
  2 scorpions
  3 killer bees
  4 wights (D:9)
  3 electric eels (D:9)
  5 howler monkeys
  A crimson imp (D:7)
  3 hounds
  A bullfrog zombie (D:6)
  Crazy Yiuf (D:7)
  2 gnoll shamans
  2 orc priests (D:6)
  2 human zombies (Ossuary)
  6 orc wizards
  3 iguanas
  10 worker ants
  2 big kobold zombies (Ossuary)
  A centaur simulacrum (D:9)
  A hound skeleton (D:9)
  2 worker ant zombies
  A howler monkey zombie (D:8)
  4 mummies (Ossuary)
  Robin (D:3)
  11 gnolls
  2 howler monkey skeletons
  10 adders
  A river rat (D:9)
  2 shadow imps
  A white imp (D:9)
  An ufetubus (D:9)
  An adder skeleton (D:4)
  2 adder zombies
  A worm (D:5)
  A dart slug (D:1)
  4 leopard geckos
  20 orcs
  7 giant cockroaches
  A gnoll zombie (Ossuary)
  5 hobgoblins
  12 jackals
  7 kobolds
  7 quokkas
  3 bats
  4 frilled lizards
  23 goblins
  2 goblin zombies
  A hobgoblin zombie (Ossuary)
  A jackal skeleton (D:4)
  A kobold zombie (Ossuary)
  A quokka skeleton (D:7)
  8 rats
  A rat zombie (D:6)
  A plant (D:3)
243 creatures vanquished.

Vanquished Creatures (collateral kills)
  A death yak (D:9)
  2 ice beasts (D:9)
  An orc warrior (D:9)
  An orc wizard (D:9)
  A river rat (D:9)
  4 orcs (D:9)
  A quokka (D:9)
11 creatures vanquished.

Vanquished Creatures (others)
  5 fungi (D:4)
5 creatures vanquished.

Grand Total: 259 creatures vanquished

Notes
Turn   | Place    | Note
-------+----------+-------------------------------------------
     0 | D:1      | psyvane the Minotaur Berserker began the quest for the Orb.
     0 | D:1      | Reached XP level 1. HP: 19/19 MP: 0/0
   156 | D:1      | Reached skill level 4 in Maces & Flails
   156 | D:1      | Reached XP level 2. HP: 26/27 MP: 1/1
   725 | D:2      | Reached XP level 3. HP: 33/33 MP: 2/2
   736 | D:2      | Reached ** piety under Trog
  1271 | D:3      | Reached skill level 5 in Maces & Flails
  1271 | D:3      | Reached XP level 4. HP: 9/41 MP: 0/3
  1576 | D:3      | Reached XP level 5. HP: 47/47 MP: 4/4
  1697 | D:3      | Noticed Robin
  1700 | D:3      | Noticed an ogre
  1711 | D:3      | Killed Robin
  1715 | D:3      | Killed an ogre
  1715 | D:3      | Reached *** piety under Trog
  1715 | D:3      | Reached skill level 6 in Maces & Flails
  1850 | D:3      | Reached XP level 6. HP: 51/53 MP: 5/5
  1865 | D:3      | Reached skill level 7 in Maces & Flails
  2161 | D:3      | Found a faded altar of an unknown god.
  2318 | D:4      | Found a white marble altar of Elyvilon.
  2408 | D:4      | Reached skill level 8 in Maces & Flails
  2485 | D:4      | Noticed Eustachio
  2485 | D:4      | Noticed Duvessa
  2487 | D:4      | Noticed Dowan
  2497 | D:4      | Killed Eustachio
  2497 | D:4      | Reached skill level 9 in Maces & Flails
  2497 | D:4      | Reached XP level 7. HP: 60/60 MP: 3/6
  2499 | D:4      | Killed Duvessa
  2501 | D:4      | Killed Dowan
  3196 | D:5      | Entered Level 5 of the Dungeon
  3231 | D:5      | Reached skill level 10 in Maces & Flails
  3546 | D:5      | Found Modimmec's Book Boutique.
  3609 | D:5      | Reached XP level 8. HP: 63/67 MP: 7/7
  3648 | D:5      | Reached skill level 11 in Maces & Flails
  3674 | D:5      | Reached **** piety under Trog
  4014 | D:5      | Reached skill level 1 in Shields
  4153 | D:5      | Found an ornate altar of the Wu Jian Council.
  4160 | D:5      | Reached skill level 12 in Maces & Flails
  4435 | D:6      | Reached skill level 5 in Fighting
  4699 | D:6      | Reached XP level 9. HP: 59/74 MP: 6/8
  4724 | D:6      | Found a sand-covered staircase.
  4732 | Ossuary  | Entered an ossuary
  5304 | D:7      | Reached ***** piety under Trog
  5357 | D:7      | Received a gift from Trog
  5375 | D:7      | Reached skill level 5 in Armour
  5480 | D:7      | Noticed Harold
  5497 | D:7      | Killed Harold
  5497 | D:7      | Reached skill level 5 in Shields
  5660 | D:7      | Found a shimmering altar of Xom.
  5663 | D:7      | Found a burning altar of Makhleb.
  5736 | D:7      | Found a runed translucent door.
  5737 | D:7      | Noticed Crazy Yiuf
  5774 | D:7      | Found a staircase to the Ecumenical Temple.
  6037 | D:7      | Killed Crazy Yiuf
  6158 | D:8      | Noticed a two-headed ogre
  6166 | D:8      | Killed a two-headed ogre
  6166 | D:8      | Reached XP level 10. HP: 48/90 MP: 3/9
  6560 | D:8      | Reached skill level 5 in Dodging
  6702 | D:8      | Noticed Grum
  6720 | D:8      | Killed Grum
  7830 | D:9      | Noticed a two-headed ogre
  7886 | D:9      | Killed a two-headed ogre
  8067 | D:9      | Found a deep blue altar of Sif Muna.
  8083 | D:9      | Noticed a two-headed ogre
  8091 | D:9      | Killed a two-headed ogre
  8095 | D:9      | Reached skill level 10 in Fighting
  8503 | D:9      | Noticed a death yak
  8503 | D:9      | Noticed a death yak
  8505 | D:9      | Noticed a death yak
  8508 | D:9      | Reached XP level 11. HP: 69/99 MP: 10/10
  8586 | D:10     | Entered Level 10 of the Dungeon
  8613 | D:10     | Killed a death yak
  8613 | D:10     | Reached skill level 10 in Armour
  8636 | D:9      | Killed a death yak
  8656 | D:9      | Killed an unseen horror
  8665 | D:9      | Noticed a white ugly thing
  8679 | D:9      | Demolished by a white ugly thing

Skill      XL: |  1  2  3  4  5  6  7  8  9 10 11 |
---------------+----------------------------------+-----
Maces & Flails | 4 5 6 9 10 12 | 12.2
Fighting       | 4 5 8 10 | 10.6
Shields        | 2 5 7 |  7.5
Armour         | 4 7 9 10 | 10.7
Dodging        | 3 4 5 6 |  6.1
Stealth        | |  0.1

Action                   |  1- 3 |  4- 6 |  7- 9 | 10-12 || total
-------------------------+-------+-------+-------+-------++-------
Melee: Mace              |    67 |     4 |       |       ||    71
       Headbutt          |    10 |    26 |    57 |    49 ||   142
       Flail             |       |   107 |   338 |   229 ||   674
Invok: Berserk           |     1 |     3 |     3 |     7 ||    14
       Trog's Hand       |     1 |       |     2 |     5 ||     8
       Brothers in Arms  |       |       |       |     2 ||     2
  Use: Scroll            |     4 |     3 |    10 |     2 ||    19
       Potion            |       |     1 |     3 |     1 ||     5
 Stab: Sleeping          |     1 |       |       |       ||     1
  Eat: Ration            |     1 |       |     1 |     4 ||     6
       Chunk             |       |     4 |    16 |    10 ||    30
Armor: Animal skin       |    13 |       |       |       ||    13
       Ring mail         |     3 |    26 |     1 |       ||    30
       Ice dragon scales |       |       |   117 |       ||   117
       Chain mail        |       |       |     3 |   120 ||   123
Dodge: Dodged            |    52 |    55 |   120 |   123 ||   350
Block: Buckler           |       |       |    59 |    68 ||   127
